 Dungeon Crawl Stone Soup version 0.31-a0-1178-gc5c9b8f871 (webtiles) character file.

Game seed: 14485736317720427225

3035915 freelancePsychic the Blood Saint (level 25, 226/276 (284) HPs)
             Began as a Demonspawn Gladiator on Dec 7, 2023.
             Was the Champion of Lugonu.
             Escaped with the Orb
             ... and 5 runes on Dec 11, 2023!
             The game lasted 02:34:19 (72554 turns).

freelancePsychic the Blood Saint (DsGl)            Turns: 72554, Time: 02:34:20

HP:   226/276 (284) AC: 32    Str: 19    XL:     25   Next: 85%
MP:   8/40          EV: 30    Int:  8    God:    Lugonu [******]
Gold: 9372          SH:  0    Dex: 30    Spells: 29/36 levels left

rFire   + . .        a - +9 demon blade (distort)
rCold   . . .        (no shield)
rNeg    + . .        y - +8 fire dragon scales
rPois   +            c - +2 helmet of Feasting {rCorr}
rElec   +            p - +2 cloak
rCorr   +            (gloves unavailable)
SInv    .            Q - +2 pair of boots
Will    ++++.        S - amulet of the Four Winds {rN+ Will+++ Clar}
Stlth   +            I - ring "Zusuvv Wujaw" {rPois rC+ Str+3}
HPRegen 0.66/turn    O - ring "Itaekk" {rElec rPois rF- Int-2 Dex+7}
MPRegen 0.27/turn

%: clarity
@: studying Evocations, lightly drained
A: demonic guardian 3, powered by death 2, robust 3, sanguine armour 3, demonic
touch 3, clarity, dopey 1
0: Orb of Zot
}: 5/15 runes: barnacled, slimy, silver, abyssal, gossamer
a: Renounce Religion, Depart the Abyss, Banish, Corrupt, Enter the Abyss


You escaped.
You worshipped Lugonu.
Lugonu was exalted by your worship.
You visited 11 branches of the dungeon, and saw 55 of its levels.
You visited the Abyss 1 time.
You also visited: Bailey and Ice Cave.

You collected 9837 gold pieces.
You spent 465 gold pieces at shops.

Inventory:

Hand Weapons
 a - a +9 demon blade of distortion (weapon)
 b - the +9 sword of Zonguldrok {reap}
   (You found it on level 5 of the Pits of Slime)
Missiles
 d - 19 throwing nets (quivered)
Armour
 c - the +2 helmet of Feasting (worn) {rCorr}
   (You found it on level 3 of the Crypt)

   rCorr:     It protects you from acid and corrosion.
 p - a +2 cloak (worn)
 y - +8 fire dragon scales (worn)
 Q - a +2 pair of boots (worn)
Jewellery
 e - the ring of Darkness {+Blink rC++ rN+ Int-3 Dex+4}
   (You found it on level 3 of the Crypt)

   [ring of positive energy]

   Int-3:     It affects your intelligence (-3).
   Dex+4:     It affects your dexterity (+4).
   rC++:      It greatly protects you from cold.
   rN+:       It protects you from negative energy.
   +Blink:    It lets you blink.
 I - the ring "Zusuvv Wujaw" (left hand) {rPois rC+ Str+3}
   (You took it off a gnoll on level 7 of the Dungeon)

   [ring of protection from cold]

   Str+3:     It affects your strength (+3).
   rC+:       It protects you from cold.
   rPois:     It protects you from poison
 O - the ring "Itaekk" (right hand) {rElec rPois rF- Int-2 Dex+7}
   (You found it on level 15 of the Dungeon)

   [ring of poison resistance]

   Int-2:     It affects your intelligence (-2).
   Dex+7:     It affects your dexterity (+7).
   rF-:       It makes you vulnerable to fire.
   rElec:     It insulates you from electricity.
   rPois:     It protects you from poison
 S - the amulet of the Four Winds (around neck) {rN+ Will+++ Clar}
   (You found it on level 5 of the Pits of Slime)

   [amulet of nothing]

   rN+:       It protects you from negative energy.
   Will+++:   It greatly increases your willpower.
   Clar:      It protects you from confusion, rage, mesmerisation and fear.
 U - the ring "Earthly Heaven" {rF++ Str+6}
   (You found it on level 3 of the Crypt)

   [ring of strength]

   Str+6:     It affects your strength (+6).
   rF++:      It greatly protects you from fire.
Talismans
 H - a talisman of death
Wands
 B - a wand of quicksilver (39)
 C - a wand of flame (100)
 E - a wand of iceblast (70)
 J - a wand of mindburst (71)
 P - a wand of paralysis (78)
 V - a wand of polymorph (29)
 Y - a wand of digging (8)
Scrolls
 h - 8 scrolls of poison
 k - 7 scrolls of fear
 l - 11 scrolls of teleportation {@r4}
 n - 13 scrolls of noise
 q - 3 scrolls of revelation
 s - 2 scrolls of silence
 v - 8 scrolls of immolation
 z - 2 scrolls of blinking
 A - 10 scrolls of vulnerability
 K - 2 scrolls of summoning
 M - 11 scrolls of amnesia
 W - 5 scrolls of fog
Potions
 f - 3 potions of berserk rage
 g - 7 potions of resistance
 i - 12 potions of ambrosia
 j - 9 potions of curing {@q1}
 m - 9 potions of attraction
 o - 10 potions of enlightenment
 r - 12 potions of lignification
 u - 3 potions of heal wounds {@q2}
 x - 7 potions of mutation
 D - 2 potions of cancellation
 F - 7 potions of might
 N - 6 potions of brilliance
 R - a potion of haste {@q3}
 X - 2 potions of invisibility
Miscellaneous
 t - a phantom mirror
 w - a condenser vane
 G - a phial of floods
 L - a lightning rod (4/4)
 T - a box of beasts (inert)


   Skills:
 + Level 22.5 Fighting
 - Level 6.5(10.8) Short Blades
 - Level 13.4(14.0) Long Blades
 - Level 1.7 Throwing
 - Level 14.1 Armour
 + Level 22.1 Dodging
 - Level 6.0 Spellcasting
 + Level 17.7 Translocations
 O Level 27 Invocations
 - Level 13.0 Evocations


You had 29 spell levels left.
You knew the following spells:

 Your Spells              Type           Power      Damage    Failure   Level
a - Apportation           Tloc           60%        N/A       1%          1
b - Blink                 Tloc           60%        N/A       1%          2
c - Manifold Assault      Tloc           30%        N/A       1%          4

Your spell library contained the following spells:

 Spells                   Type           Power      Damage    Failure   Level
 Gell's Gravitas          Tloc           30%        N/A       1%          3
 Teleport Other           Tloc           30%        N/A       1%          3
 Passage of Golubria      Tloc           30%        N/A       1%          4
 Dispersal                Tloc           15%        N/A       7%          6
 Dimensional Bullseye     Hex/Tloc       8%         N/A       16%         4
 Iskenderun's Mystic Bla  Conj/Tloc      16%        2d5       16%         4
 Vhi's Electric Charge    Tloc/Air       32%        N/A       16%         4
 Summon Forest            Summ/Tloc      8%         N/A       41%         5
 Foxfire                  Conj/Fire      8%         2x1d4     52%         1
 Kiss of Death            Conj/Necr      8%         2d6       52%         1
 Magic Dart               Conj           8%         1d3       52%         1
 Necrotise                Necr           8%         1d4       52%         1
 Sandblast                Erth           4%         2d4       52%         1
 Sting                    Tmut/Pois      8%         1d3       52%         1
 Summon Small Mammal      Summ           8%         N/A       52%         1
 Call Imp                 Summ           4%         N/A       67%         2
 Cigotuvi's Dreadful Rot  Necr/Pois/Air  4%         N/A       67%         2
 Passwall                 Tmut/Erth      1%         N/A       67%         2
 Poisonous Vapours        Pois/Air       4%         N/A       67%         2
 Scorch                   Fire           4%         2d5       67%         2
 Searing Ray              Conj           4%         2d4       67%         2
 Wereblood                Tmut           2%         N/A       67%         2
 Call Canine Familiar     Summ           2%         N/A       88%         3
 Confusing Touch          Hex            2%         N/A       88%         3
 Dazzling Flash           Conj/Hex       4%         N/A       88%         3
 Frozen Ramparts          Ice            4%         1d1       88%         3
 Inner Flame              Hex/Fire       2%         N/A       88%         3
 Mephitic Cloud           Conj/Pois/Air  2%         N/A       88%         3
 Ozocubu's Armour         Ice            2%         N/A       88%         3
 Sigil of Binding         Hex            2%         N/A       88%         3
 Stone Arrow              Conj/Erth      4%         3d7       88%         3
 Summon Guardian Golem    Hex/Summ       2%         N/A       88%         3
 Tukima's Dance           Hex            2%         N/A       88%         3
 Vampiric Draining        Necr           2%         2d6       88%         3
 Disjunction              Tloc           15%        N/A       96%         8
 Anguish                  Hex/Necr       1%         N/A       99%         4
 Animate Dead             Necr           2%         N/A       99%         4
 Brom's Barrelling Bould  Conj/Erth      2%         2d3       99%         4
 Cause Fear               Hex            1%         N/A       99%         4
 Dispel Undead            Necr           2%         3d7       99%         4
 Flame Wave               Conj/Fire      2%         2d4       99%         4
 Fulminant Prism          Conj/Hex       1%         3d5       99%         4
 Leda's Liquefaction      Hex/Erth       1%         N/A       99%         4
 Olgreb's Toxic Radiance  Pois           2%         N/A       99%         4
 Petrify                  Tmut/Erth      2%         N/A       99%         4
 Sticky Flame             Conj/Fire      2%         2d3       99%         4
 Summon Ice Beast         Ice/Summ       2%         N/A       99%         4
 Agony                    Necr           2%         N/A       100%        5
 Arcjolt                  Conj/Air       1%         1d11      100%        5
 Borgnjor's Vile Clutch   Necr/Erth      1%         N/A       100%        5
 Fireball                 Conj/Fire      1%         3d3       100%        5
 Freezing Cloud           Conj/Ice/Air   1%         6-21      100%        5
 Irradiate                Conj/Tmut      1%         3d12      100%        5
 Iskenderun's Battlesphe  Conj           2%         2d6       100%        5
 Lee's Rapid Deconstruct  Erth           1%         3d4*      100%        5
 Metabolic Englaciation   Hex/Ice        1%         N/A       100%        5
 Silence                  Hex/Air        1%         N/A       100%        5
 Summon Mana Viper        Hex/Summ       2%         N/A       100%        5
 Yara's Violent Unravell  Hex/Tmut       1%         3d3       100%        5
 Bombard                  Conj/Erth      1%         9d1       100%        6
 Conjure Ball Lightning   Conj/Air       1%         3x3d6     100%        6
 Death Channel            Necr           1%         N/A       100%        6
 Plasma Beam              Fire/Air       1%         2x1d11    100%        6
 Simulacrum               Ice/Necr       1%         N/A       100%        6
 Starburst                Conj/Fire      1%         6d3       100%        6
 Summon Cactus Giant      Summ           1%         N/A       100%        6
 Enfeeble                 Hex            1%         N/A       100%        7
 Haunt                    Necr/Summ      1%         N/A       100%        7
 Malign Gateway           Summ/Tloc      8%         N/A       100%        7
 Monstrous Menagerie      Summ           1%         N/A       100%        7
 Orb of Destruction       Conj           1%         9d5       100%        7
 Ozocubu's Refrigeration  Ice            1%         4d7       100%        7
 Spellforged Servitor     Conj/Summ      1%         N/A       100%        7
 Summon Hydra             Summ           1%         N/A       100%        7
 Borgnjor's Revivificati  Necr           1%         N/A       100%        8
 Discord                  Hex            1%         N/A       100%        8
 Ignition                 Fire           1%         3d3       100%        8
 Lehudib's Crystal Spear  Conj/Erth      1%         10d2      100%        8
 Maxwell's Capacitive Co  Air            1%         ∞         100%        8
 Death's Door             Necr           1%         N/A       100%        9
 Dragon's Call            Summ           1%         N/A       100%        9
 Polar Vortex             Ice            1%         N/A       100%        9


Dungeon Overview and Level Annotations

Branches:
Dungeon (15/15)            Temple (0/1) D:5            Lair (5/5) D:9
 Shoals (4/4) Lair:3       Spider (4/4) Lair:2        Slime (5/5) Lair:5
    Orc (2/2) D:9             Elf (3/3) Orc:2        Vaults (5/5) D:13
  Crypt (3/3) Vaults:3       Tomb (0/3) Crypt:3      Depths (4/4) D:15
    Zot (5/5) Depths:4     Bailey (visited)           IceCv (visited)

Altars:
Fedhas
Gozag
Hepliaklqana
Kikubaaqudgha
Okawaru
Sif Muna
Trog
Uskayaw
Xom
Ignis
Jiyva
Lugonu

Shops:
D:5 ?   D:7 [   D:15 [   Orc:2 (*(=   Elf:1 [?((   Elf:2 [   Vaults:4 [
Vaults:5 :

Portals:
Hell: Depths:1 Depths:2 Depths:3 Depths:4
Abyss: Depths:1 Depths:3 Depths:4
Pandemonium: Depths:2
Ziggurat: Depths:1

Annotations:
D:6 Prince Ribbit
Shoals:2 corrupted
Shoals:4 corrupted
Spider:4 corrupted
Orc:2 corrupted
Elf:1 exclusion: orange crystal statue
Elf:2 3 runed translucent doors
Elf:3 corrupted, Roxanne
Vaults:2 corrupted
Vaults:5 corrupted
Crypt:1 corrupted
Depths:1 4 runed translucent doors, exclusion: obsidian statue, Vojop's ghost, veteran DEHs
Depths:2 corrupted
Zot:4 corrupted
Zot:5 4 transporters, corrupted, 1 exclusion
Abyss:1 Aizul; Arachne; Harold; Pikel; Sigmund; osoart's ghost, novice OpSh


Innate Abilities, Weirdness & Mutations

A powerful demonic guardian rushes to your aid.
You regenerate health from kills.
You are extremely robust. (+30% HP)
When seriously injured, your blood forms very thick armour. (AC +0)
Your touch may irresistibly damage your foes and sap their willpower.
You possess an exceptional clarity of mind.
You are dopey. (Int -2)


Message History

The plant begins to die.
The plant is lightly damaged.
A neqoxec comes into view.
There's nothing to close nearby.
Okay, then.
Unknown command.
Aiming: Quicksilver Bolt
Press: ? - help, Shift-Dir - straight line, f - neqoxec
Aim: a neqoxec (70% to hit)
The bolt of dispelling energy misses the neqoxec.
The bolt of dispelling energy hits the plant!!
The plant is moderately damaged.
Aiming: Quicksilver Bolt
Press: ? - help, Shift-Dir - straight line, f/p - neqoxec
Aim: a neqoxec (70% to hit)
The bolt of dispelling energy hits the neqoxec!!!
You kill the neqoxec!
Lugonu accepts your kill.
The bolt of dispelling energy hits the plant!!
The plant is heavily damaged.
A nearby plant withers and dies.
Your blood armour dries and flakes away.
A Caabb, a reaper and a small abomination come into view.
The reaper is wielding a +0 antimagic scythe.
Caabb moves out of view.
The reaper moves out of view.
The small abomination moves out of view.
As you open the door, it creaks loudly!
An ancient lich comes into view.
There is an open door here.
The small abomination attacks as it pursues you!
The small abomination closely misses you.
The small abomination attacks as it pursues you!
The small abomination completely misses you.
The small abomination attacks as it pursues you!
The small abomination misses you.
There is a staircase leading out of the dungeon here.
The small abomination completely misses you.
The Orb Guardian hits the plant.
The plant begins to die.
The small abomination barely misses you.
You have escaped!

#.# #.# #.#.###.## #.# [.#
##.#######..#.#.### ###.#### ###
##...#.............# #......#
#####......#####'#####.# #.#.##.#
...........#PPP#(#PPP#.# #.#.##.#
.###.#.....#P⌠P#.#PXP#.# #.#.....
.# #.......#PPP#.#PPP#.###.####.#
.# ###.....#####.#####.....####.#
.# #.....+....@....+..##......#
.#####.....#####x#####.##########
........##.#PPP#.#PPP#.#
#######.##.#P⌠P#&#P⌠P#.#
#.##.#PPP#.#PPP#.# ##
#.##.#####2#####.# .####
#.##.......L.L...# #
....###.######...#####.# ######
.##.##...#.........###.#####.....


You could see Caabb, an ancient lich, an Orb Guardian, a reaper and a small
abomination.

Vanquished Creatures
  the Royal Jelly (Slime:5)
  A dread lich (Zot:5)
  3 orbs of fire
  2 ancient liches (Crypt:1)
  A Killer Klown (Zot:3)
  Josephina (Crypt:2)
  A curse toe (Zot:4)
  A caustic shrike (Depths:2)
  Nikola (Spider:1)
  A bone dragon (Crypt:2)
  4 golden dragons
  A Tzitzimitl (D:1)
  2 electric golems (Zot:5)
  7 tentacled monstrosities
  A hellephant (Depths:2)
  2 Ice Fiends
  3 liches
  17 Orb Guardians
  8 quicksilver dragons
  Asterion (Elf:1)
  2 deep elf blademasters
  9 acid blobs
  3 sphinxes
  6 ancient champions
  3 death cobs
  A titan (Depths:1)
  11 shadow dragons
  4 revenants
  12 storm dragons
  5 tengu reavers
  8 azure jellies
  4 rockslimes
  Donald (Vaults:3)
  6 draconian knights
  4 iron dragons
  8 vault wardens
  2 deep elf sorcerers
  6 fire giants
  4 draconian monks
  6 frost giants
  2 emperor scorpions (Spider:4)
  5 draconian shifters
  A balrug (Depths:3)
  9 ghouls
  3 ghost moths
  13 ironbound preservers
  2 deep elf elementalists (Elf:3)
  2 curse skulls (Crypt:1)
  9 draconian scorchers
  2 orc warlords
  2 reapers
  A spriggan defender (Depths:2)
  8 quicksilver oozes
  3 draconian stormcallers
  4 draconian annihilators
  An ironbound thunderhulk (Vaults:1)
  17 very ugly things
  A caustic shrike skeleton (Depths:2)
  6 broodmothers
  11 stone giants
  2 formless jellyfish (Slime:3)
  2 deep elf demonologists (Depths:2)
  4 vampire knights
  2 war gargoyles (Vaults:5)
  6 black draconians
  A dire elephant (Vaults:4)
  6 green draconians
  4 deep elf annihilators
  12 purple draconians
  A spark wasp (Depths:2)
  6 white draconians
  17 red draconians
  7 yellow draconians
  4 deep elf death magi
  2 eidola
  6 ettins
  A green death (D:11)
  10 merfolk impalers
  A crystal guardian (Vaults:3)
  4 jiangshi
  10 fire dragons
  An entropy weaver (Vaults:5)
  6 merfolk javelineers
  5 yaktaur captains
  4 ice dragons
  25 vault guards
  3 caustic shrike simulacra (IceCv)
  9 great orbs of eyes
  An ogre mage (D:15)
  Erica (D:8)
  2 peacekeepers
  A rakshasa (D:13)
  5 catoblepae
  8 hydras
  A jorogumo (Spider:3)
  An anaconda (shapeshifter) (Vaults:5)
  12 centaur warriors
  2 ironbound frosthearts
  A radroach (Spider:4)
  2 spriggan skeletons
  7 merfolk aquamancers
  An alligator snapping turtle (Shoals:3)
  A spriggan air mage (Depths:4)
  6 dancing weapons
  6 two-headed ogres
  4 death knights (Crypt:1)
  4 death yaks
  6 boulder beetles
  2 tengu warriors
  6 merfolk avatars
  A sphinx skeleton (Crypt:2)
  5 vampire magi
  4 demonic crawlers
  3 deep troll shamans
  An orc high priest (Orc:2)
  5 deep troll earth magi
  A sun demon (Depths:3)
  10 spriggan berserkers
  2 soul eaters
  4 hell knights
  A deep elf knight (Elf:2)
  2 iron trolls
  2 skysharks
  2 iron giant zombies (Crypt:3)
  4 shadow wraiths
  13 skeletal warriors
  A spatial maelstrom (Abyss:3)
  10 sea snakes
  A golden dragon zombie (Depths:1)
  A deep troll (shapeshifter) (Depths:2)
  5 orb spiders (Spider:4)
  6 pharaoh ants
  41 deep trolls
  A spriggan simulacrum (Crypt:2)
  A skyshark (shapeshifter) (Vaults:5)
  An orb spider (shapeshifter) (Depths:4)
  14 bog bodies
  6 glowing orange brains
  8 flayed ghosts
  6 deep elf archers
  A sun moth (Spider:3)
  A bunyip zombie (Crypt:3)
  8 arcanists
  A swamp dragon (D:14)
  15 ironbound convokers
  8 phantasmal warriors
  18 deep elf zephyrmancers
  4 orc knights
  2 obsidian statues (IceCv)
  9 harpies
  15 wolf spiders
  2 shadow dragon zombies
  2 lindwurms (shapeshifter)
  4 steelbarb worms
  A sphinx simulacrum (Vaults:4)
  A fenstrider witch simulacrum (Crypt:2)
  20 deep elf pyromancers
  A steelbarb worm (shapeshifter) (Vaults:5)
  An orc sorcerer (Vaults:5)
  An iron dragon zombie (Crypt:3)
  3 shining eyes (Slime:5)
  8 necromancers
  A wolf spider (shapeshifter) (Depths:4)
  The ghost of soul19 the Insei, a novice GnSh of Ashenzari (D:5)
  A tengu skeleton (Depths:1)
  41 ugly things
  2 lindwurms
  6 cyclopes
  6 fauns
  8 manticores
  28 moths of wrath
  A jorogumo skeleton (Crypt:1)
  An iron dragon skeleton (Crypt:3)
  8 black mambas
  A moth of wrath (shapeshifter) (Vaults:1)
  4 water nymphs
  An eye of devastation (shapeshifter) (Vaults:1)
  3 merfolk sirens
  A smoke demon (Depths:3)
  A black mamba (shapeshifter) (D:15)
  An eye of devastation (Slime:4)
  6 vault sentinels
  A cane toad (shapeshifter) (Elf:1)
  2 swamp worm zombies
  An orange demon (Zot:5)
  A gargoyle (D:13)
  14 elephants
  3 torpor snails
  11 cane toads
  A rime drake (shapeshifter) (D:15)
  An unseen horror (D:12)
  3 rime drakes
  A kobold demonologist (D:12)
  11 freezing wraiths
  10 komodo dragons
  A golden dragon simulacrum (IceCv)
  6 tengu conjurers
  22 yaktaurs
  A green draconian skeleton (Crypt:1)
  A harpy zombie (Crypt:1)
  17 merfolk
  An anaconda simulacrum (IceCv)
  5 trolls
  A troll (shapeshifter) (Elf:2)
  4 polar bears
  A hellwing (D:8)
  2 glass eyes
  3 wind drakes
  5 hornets
  15 tarantellas
  A jumping spider zombie (Crypt:2)
  4 snapping turtles
  An ettin zombie (Crypt:3)
  7 dream sheep
  A centaur simulacrum (D:15)
  4 flying skulls
  10 jumping spiders
  55 slime creatures
  An air elemental (Elf:1)
  15 culicivoras
  13 spriggans
  2 jumping spiders (shapeshifter) (D:15)
  A dire elephant simulacrum (Crypt:2)
  An orc simulacrum (Crypt:2)
  8 wyverns
  A vampire (D:10)
  43 yaks
  A shadow (D:7)
  5 basilisks
  3 fire elementals
  4 golden eyes
  A human (shapeshifter) (D:15)
  12 water elementals
  5 wraiths
  Grum (D:8)
  37 redbacks
  A minotaur simulacrum (IceCv)
  6 vampire mosquitoes
  2 elf skeletons (Vaults:4)
  A steam dragon (D:8)
  2 neqoxecs
  2 wargs (Orc:1)
  A chaos spawn (Zot:5)
  2 harpy simulacra
  A spatial vortex (Abyss:3)
  Duvessa (D:6)
  16 water moccasins
  2 acid dragons
  A merfolk skeleton (Crypt:3)
  A hydra simulacrum (IceCv)
  A faun zombie (Crypt:2)
  2 swamp drakes (D:14)
  15 orc warriors
  2 ice beasts
  2 black bears
  A sky beast (D:5)
  2 human zombies (Vaults:4)
  An ettin simulacrum (IceCv)
  40 wolves
  5 boggarts
  7 ogres
  6 starcursed masses (Abyss:1)
  16 centaurs
  2 phantoms
  2 kobold brigands
  13 bullfrogs
  7 gnoll sergeants
  4 scorpions
  An earth elemental (Elf:1)
  2 deep troll simulacra (IceCv)
  3 small abominations (Abyss:2)
  A glowing shapeshifter simulacrum (Depths:1)
  2 necrophages
  A yaktaur skeleton (Crypt:3)
  11 wights
  Dowan (D:6)
  A raiju zombie (Crypt:2)
  A hornet simulacrum (D:15)
  7 killer bees
  2 electric eels
  6 howler monkeys
  4 crimson imps (Depths:3)
  A wolf skeleton (Crypt:2)
  2 hounds (Bailey)
  A jelly (D:6)
  3 gnoll boudas
  17 orc priests
  Jessica (D:3)
  4 iguanas
  A sleepcap (D:5)
  31 orc wizards
  An ogre zombie (Crypt:3)
  Robin (D:1)
  10 adders
  22 gnolls
  A shadow imp (D:3)
  2 white imps
  5 worms
  2 dart slugs
  73 orcs
  6 ball pythons
  An endoplasm (D:4)
  7 giant cockroaches
  12 hobgoblins
  7 jackals
  14 kobolds
  4 quokkas
  3 bats
  5 frilled lizards
  A frilled lizard skeleton (Crypt:1)
  A giant cockroach zombie (Crypt:2)
  16 goblins
  3 rats (D:1)
  A rat zombie (Crypt:2)
  A tentacle (Shoals:3)
1769 creatures vanquished.

Vanquished Creatures (collateral kills)
  A golden dragon (Zot:3)
  A lich (D:11)
  A tentacled monstrosity (Zot:3)
  2 deep elf master archers (Elf:3)
  2 death cobs (Zot:3)
  A draconian monk (Zot:3)
  4 draconian knights
  A frost giant (Depths:1)
  2 very ugly things
  A reaper (IceCv)
  2 draconian shifters
  2 draconian annihilators (Zot:3)
  A green draconian (Zot:1)
  A purple draconian (Zot:3)
  3 centaur warriors (Vaults:2)
  An ironbound frostheart (Vaults:3)
  A death yak (Lair:2)
  A deep elf archer (Elf:2)
  A deep troll (Vaults:1)
  A deep elf zephyrmancer (Elf:1)
  An orc sorcerer (Orc:2)
  A lindwurm (Vaults:1)
  2 deep elf pyromancers (Elf:1)
  An ugly thing (Depths:2)
  An elephant (Lair:2)
  A vault sentinel (Vaults:2)
  A cane toad (Lair:1)
  A freezing wraith (IceCv)
  A hornet (Lair:5)
  A tarantella (Spider:2)
  A dream sheep (Lair:5)
  A snapping turtle (Shoals:4)
  A jumping spider (Spider:3)
  A yak (Lair:1)
  4 redbacks (Spider:3)
  3 orc warriors
  A wolf (Lair:5)
  An orc priest (Orc:2)
  3 orc wizards
  A worm (Lair:2)
  2 orcs
60 creatures vanquished.

Vanquished Creatures (others)
  A dread lich (Zot:5)
  An orb of fire (Zot:5)
  3 Killer Klowns (Zot:5)
  Zenata (Crypt:1)
  2 tentacled monstrosities
  7 Orb Guardians (Zot:5)
  2 sphinxes
  A quicksilver dragon (Vaults:5)
  A deep elf blademaster (Elf:3)
  Polyphemus (Shoals:2)
  A shadow dragon (Vaults:5)
  A draconian monk (Zot:4)
  2 storm dragons
  A daeva (Shoals:4)
  A fire giant (Depths:2)
  A draconian scorcher (Zot:4)
  4 deep elf elementalists (Elf:3)
  2 draconian knights (Zot:4)
  An iron dragon (Depths:2)
  5 deep elf sorcerers (Elf:3)
  2 ironbound preservers
  A ghoul (Crypt:1)
  2 draconian annihilators (Zot:4)
  2 draconian shifters (Zot:4)
  A broodmother (Spider:4)
  A purple draconian (Zot:4)
  A deep elf demonologist (Elf:3)
  5 deep elf annihilators (Elf:3)
  2 red draconians (Zot:4)
  A yellow draconian (Zot:4)
  2 merfolk javelineers (Shoals:4)
  2 merfolk impalers (Shoals:4)
  2 deep elf death magi (Elf:3)
  A fire dragon (Depths:2)
  An entropy weaver (Spider:4)
  2 great orbs of eyes (Vaults:2)
  3 deep elf high priests (Elf:3)
  A spriggan air mage (Depths:2)
  An ironbound frostheart (Vaults:2)
  A radroach (Spider:4)
  2 merfolk aquamancers
  A merfolk avatar (Shoals:4)
  3 death yaks (Shoals:2)
  2 orc high priests (Orc:2)
  A shadow wraith (Crypt:2)
  2 cherubim (Shoals:4)
  A pharaoh ant (Spider:4)
  4 deep trolls
  7 sea snakes (Shoals:2)
  A flayed ghost (Depths:2)
  2 ironbound convokers (Vaults:5)
  3 orb spiders (Spider:4)
  2 necromancers (Depths:2)
  4 orc knights
  A deep elf zephyrmancer (Elf:1)
  An ugly thing (Depths:2)
  3 orc sorcerers (Orc:2)
  A manticore (Shoals:2)
  A wolf spider (Spider:4)
  5 moths of wrath
  A merfolk siren (Shoals:2)
  A vault sentinel (Vaults:2)
  A steelbarb worm zombie (Crypt:1)
  2 yaktaurs
  A death yak skeleton (Crypt:1)
  2 freezing wraiths
  3 meliai (Spider:4)
  10 tarantellas (Spider:4)
  2 merfolk (Shoals:4)
  A hydra skeleton (Crypt:1)
  4 jumping spiders (Spider:4)
  A culicivora (Spider:4)
  2 redbacks (Spider:4)
  5 orc warriors (Orc:2)
  A human (D:5)
  6 wolves (Bailey)
  An ogre (Orc:2)
  7 gnoll sergeants (Bailey)
  An electric eel (Spider:4)
  A troll skeleton (Crypt:1)
  7 gnoll boudas (Bailey)
  3 orc priests (Orc:2)
  A hound skeleton (Crypt:1)
  10 gnolls
  12 orcs
  44 starspawn tentacles
  4 tentacles (Shoals:3)
254 creatures vanquished.

Grand Total: 2083 creatures vanquished

Notes
Turn   | Place    | Note
-------+----------+-------------------------------------------
     0 | D:1      | freelancePsychic the Demonspawn Gladiator began the quest
                  | for the Orb.
     0 | D:1      | Reached XP level 1. HP: 16/16 MP: 1/1
   275 | D:1      | Found a faded altar of an unknown god.
   290 | D:1      | Prayed at the altar of an unknown god.
   290 | D:1      | Became a worshipper of Lugonu the Unformed
   290 | D:1      | Reached * piety under Lugonu
   480 | D:1      | Gained mutation: When seriously injured, your blood forms
                  | armour. (AC +0) [demonic ancestry]
   480 | D:1      | Reached XP level 2. HP: 23/23 MP: 2/2
   927 | D:2      | Noticed Robin
   936 | D:2      | Reached skill level 1 in Invocations
  1008 | D:2      | Reached XP level 3. HP: 15/28 MP: 2/4
  1067 | D:1      | Killed Robin
  1187 | D:2      | Reached skill level 2 in Invocations
  1196 | D:2      | Reached ** piety under Lugonu
  1382 | D:2      | Reached XP level 4. HP: 26/35 MP: 5/5
  2174 | D:3      | Reached skill level 3 in Invocations
  2185 | D:3      | Gained mutation: Your touch may inflict minor irresistible
                  | damage on your foes. [demonic ancestry]
  2185 | D:3      | Reached XP level 5. HP: 41/41 MP: 7/7
  2368 | D:3      | Noticed a phantom
  2385 | D:3      | Killed a phantom
  2523 | D:3      | Found a shimmering blue altar of Sif Muna.
  2524 | D:3      | Found an opulent altar of Gozag.
  2524 | D:3      | Noticed Jessica
  2537 | D:3      | Killed Jessica
  2538 | D:3      | Reached skill level 4 in Invocations
  2538 | D:3      | Gained mutation: When seriously injured, your blood forms
                  | thick armour. (AC +0) [demonic ancestry]
  2538 | D:3      | Reached XP level 6. HP: 44/48 MP: 7/9
  2556 | D:3      | Found an iron altar of Okawaru.
  3208 | D:4      | Reached *** piety under Lugonu
  3238 | D:4      | Noticed Sigmund
  3239 | D:4      | Banished Sigmund
  3240 | D:4      | Reached skill level 5 in Invocations
  3240 | D:4      | Gained mutation: When seriously injured, your blood forms
                  | very thick armour. (AC +0) [demonic ancestry]
  3240 | D:4      | Reached XP level 7. HP: 52/55 MP: 5/10
  3490 | D:5      | Entered Level 5 of the Dungeon
  3516 | D:5      | Reached skill level 5 in Fighting
  3532 | D:5      | Found an ancient bone altar of Kikubaaqudgha.
  3657 | D:5      | Reached skill level 1 in Short Blades
  3748 | D:5      | Reached skill level 6 in Invocations
  3869 | D:5      | Found a runed translucent door.
  3869 | D:5      | Noticed soul19's ghost (novice GnSh)
  4022 | D:5      | Found Xetano's Magic Scroll Shop.
  4027 | D:5      | Bought a scroll of identify for 20 gold pieces
  4027 | D:5      | Bought a scroll of identify for 20 gold pieces
  4027 | D:5      | Bought a scroll of identify for 20 gold pieces
  4048 | D:5      | Found a staircase to the Ecumenical Temple.
  4071 | D:5      | Noticed a human
  4074 | D:5      | Killed a human
  4144 | D:6      | Gained mutation: You regenerate a little health from kills.
                  | [demonic ancestry]
  4144 | D:6      | Reached XP level 8. HP: 42/64 MP: 12/12
  4221 | D:6      | Noticed Duvessa
  4221 | D:6      | Noticed Dowan
  4256 | D:6      | Killed Duvessa
  4267 | D:6      | Killed Dowan
  4268 | D:6      | Reached skill level 7 in Invocations
  4610 | D:6      | Found a hide-covered altar of Uskayaw.
  4889 | D:6      | Noticed Prince Ribbit
  4924 | D:5      | Reached skill level 8 in Invocations
  5159 | D:7      | Reached XP level 9. HP: 61/72 MP: 15/15
  5226 | D:7      | Found a transporter.
  5227 | D:7      | Found a transporter.
  5445 | D:7      | Noticed osoart's ghost (novice OpSh)
  5452 | D:7      | Identified the ring "Zusuvv Wujaw" {rPois rC+ Str+3}
  5525 | D:7      | Found Ajotaff's Armour Shop.
  5638 | D:7      | Reached skill level 5 in Short Blades
  5638 | D:7      | Reached skill level 9 in Invocations
  5735 | D:7      | Reached **** piety under Lugonu
  5751 | D:7      | Banished osoart's ghost
  5752 | D:7      | Reached skill level 10 in Invocations
  5999 | D:8      | Noticed Grum
  6032 | D:8      | Reached XP level 10. HP: 71/82 MP: 17/17
  6097 | D:8      | Killed Grum
  6133 | D:8      | Noticed Erica
  6166 | D:8      | Killed Erica
  6167 | D:8      | Reached skill level 5 in Long Blades
  6185 | D:8      | Noticed Pikel
  6190 | D:8      | Banished Pikel
  6273 | D:8      | Reached skill level 11 in Invocations
  6834 | D:9      | Noticed a two-headed ogre
  6840 | D:9      | Reached skill level 10 in Fighting
  6855 | D:9      | Banished a two-headed ogre
  6910 | D:9      | Reached skill level 12 in Invocations
  6949 | D:9      | Gained mutation: Your touch may inflict irresistible damage
                  | on your foes. [demonic ancestry]
  6949 | D:9      | Reached XP level 11. HP: 86/91 MP: 20/20
  6975 | D:9      | Found a flagged portal.
  6986 | Bailey   | Entered a bailey
  7030 | Bailey   | Corrupted Bailey
  7030 | Bailey   | Noticed a revenant
  7030 | Bailey   | Noticed a rakshasa
  7030 | Bailey   | Noticed a starcursed mass
  7033 | Bailey   | Noticed a death drake
  7037 | Bailey   | Noticed a glowing orange brain
  7050 | Bailey   | Noticed a lich
  7054 | Bailey   | Noticed a bone dragon
  7066 | Bailey   | Noticed a starcursed mass
  7073 | Bailey   | Noticed a revenant
  7078 | Bailey   | Noticed a sixfirhy
  7144 | Bailey   | Identified the beast talisman of Mumblety Peg {Fly Str+5}
  7607 | D:9      | Noticed Harold
  7609 | D:9      | Banished Harold
  7893 | D:9      | Found a staircase to the Orcish Mines.
  8012 | D:9      | Found a staircase to the Lair.
  8344 | D:10     | Entered Level 10 of the Dungeon
  8496 | D:10     | Found a hazy altar of Hepliaklqana.
  8872 | D:10     | Identified the +8 falchion "Gipur" {drain, rF+ Int+2 Dex+3}
  9161 | D:11     | Noticed a two-headed ogre
  9168 | D:11     | Killed a two-headed ogre
  9203 | D:11     | Noticed a two-headed ogre
  9217 | D:11     | Banished a two-headed ogre
  9627 | D:11     | Reached skill level 5 in Dodging
  9687 | D:11     | Found a blossoming altar of Fedhas.
  9765 | D:11     | Identified the +2 ring mail "Vuigoh" {Stlth+}
 10175 | D:12     | Gained mutation: A weak demonic guardian rushes to your
                  | aid. [demonic ancestry]
 10175 | D:12     | Reached XP level 12. HP: 100/100 MP: 21/21
 10224 | D:12     | You fall into a shaft and drop 2 floors!
 10275 | D:14     | Reached ***** piety under Lugonu
 10288 | D:14     | Noticed a death knight
 10292 | D:14     | Banished a death knight
 10442 | D:14     | Reached skill level 10 in Long Blades
 10546 | D:14     | Noticed a catoblepas
 10605 | D:14     | Killed a catoblepas
 10626 | D:14     | Noticed a two-headed ogre
 10635 | D:14     | Killed a two-headed ogre
 10711 | D:14     | Noticed a tengu warrior
 10956 | D:12     | Noticed a two-headed ogre
 10963 | D:12     | Killed a two-headed ogre
 11242 | Lair:1   | Entered Level 1 of the Lair of Beasts
 11257 | Lair:1   | Reached skill level 13 in Invocations
 11675 | Lair:1   | Gained mutation: You are robust. (+10% HP) [demonic
                  | ancestry]
 11675 | Lair:1   | Reached XP level 13. HP: 75/119 MP: 23/23
 12454 | Lair:2   | Found a hole to the Spider Nest.
 12884 | Lair:2   | Reached skill level 14 in Invocations
 13611 | Lair:3   | Found a staircase to the Shoals.
 14760 | Lair:4   | Gained mutation: A demonic guardian rushes to your aid.
                  | [demonic ancestry]
 14760 | Lair:4   | Reached XP level 14. HP: 125/129 MP: 25/25
 15048 | Lair:5   | Entered Level 5 of the Lair of Beasts
 15096 | Lair:5   | Reached skill level 15 in Invocations
 15146 | Lair:5   | Reached ****** piety under Lugonu
 15173 | Lair:5   | Identified a +6 demon blade of distortion (a +4 demon blade
                  | of electrocution corrupted by Lugonu)
 15173 | Lair:5   | Received a gift from Lugonu
 15245 | Lair:5   | Found a viscous altar of Jiyva.
 15246 | Lair:5   | Found a staircase to the Slime Pits.
 15995 | Lair:5   | Reached skill level 16 in Invocations
 16365 | Lair:5   | Got the Verses on Bewitchment
 16517 | Lair:5   | Identified the +0 robe of the Pits of Slime {rElec rF++
                  | Str+7}
 17070 | D:13     | Reached skill level 1 in Armour
 17090 | D:13     | Found a gate to the Vaults.
 17502 | D:13     | Found a bloodstained altar of Trog.
 17958 | D:14     | Reached XP level 15. HP: 102/139 MP: 27/27
 18220 | D:15     | Entered Level 15 of the Dungeon
 18235 | D:15     | Identified the ring "Itaekk" {rElec rPois rF- Int-2 Dex+7}
 18282 | D:15     | Identified the maw talisman of the Original Sin {rF- Will+
                  | Str+3 Stlth+}
 18407 | D:15     | Reached skill level 15 in Fighting
 18634 | D:15     | Reached skill level 10 in Dodging
 18914 | D:15     | Found Xoph's Armour Shoppe.
 19056 | D:15     | Found a staircase to the Depths.
 19340 | Orc:1    | Entered Level 1 of the Orcish Mines
 19838 | Orc:2    | Entered Level 2 of the Orcish Mines
 19893 | Orc:2    | Found a staircase to the Elven Halls.
 20087 | Orc:2    | Corrupted Orc:2
 20125 | Orc:2    | Noticed a bone dragon
 20381 | Orc:2    | Found Umat's Antique Weapon Boutique.
 20381 | Orc:2    | Found Gisistrugun's Assorted Antiques.
 20383 | Orc:2    | Found Ulaosk's Antique Weapon Boutique.
 20383 | Orc:2    | Found Wooxtid's Jewellery Emporium.
 20395 | Orc:2    | Bought a scroll labelled ITEW QIEGOVA for 28 gold pieces
 20670 | Spider:1 | Entered Level 1 of the Spider Nest
 20889 | Spider:1 | Reached skill level 5 in Armour
 21307 | Spider:1 | Noticed Nikola
 21325 | Spider:1 | Killed Nikola
 23141 | Spider:3 | Reached XP level 16. HP: 141/151 MP: 28/28
 23579 | Spider:3 | Noticed Arachne
 23601 | Spider:2 | Banished Arachne
 23970 | Spider:4 | Entered Level 4 of the Spider Nest
 23970 | Spider:4 | Identified 2 scrolls of acquirement
 23987 | Spider:3 | Reached skill level 17 in Invocations
 24136 | Spider:4 | Found a frozen archway.
 24164 | IceCv    | Entered an ice cave
 24870 | IceCv    | Identified the amulet "Xitrexut" {Spirit rF+}
 24930 | Spider:4 | Acquired 1049 gold pieces
 24931 | Spider:4 | Acquired 583 gold pieces
 24968 | Spider:4 | Identified the +1 leather armour of Fortification {rF+
                  | Int+3 SInv}
 25113 | Spider:4 | Corrupted Spider:4
 25113 | Spider:4 | Noticed a tentacled starspawn
 25113 | Spider:4 | Noticed a tentacled starspawn
 25653 | Spider:4 | Got a gossamer rune of Zot
 25986 | Lair:2   | Upgraded the game from 0.31-a0-1074-g0b22e4e0f1 to
                  | 0.31-a0-1172-g9944ec47dd
 26045 | Shoals:1 | Entered Level 1 of the Shoals
 26213 | Shoals:1 | Reached XP level 17. HP: 125/159 MP: 29/29
 26418 | Shoals:1 | Identified the serpent talisman of Watchfulness {Fly rC+
                  | Dex+3}
 26418 | Shoals:1 | Noticed Aizul
 26429 | Shoals:1 | Banished Aizul
 26621 | Shoals:1 | Reached skill level 18 in Invocations
 27373 | Shoals:2 | Noticed Polyphemus
 27377 | Shoals:2 | Corrupted Shoals:2
 27391 | Shoals:2 | Killed Polyphemus
 27689 | Shoals:2 | Identified the +1 plate armour "Jotzol" {rElec rN+ Will+}
 27801 | Shoals:3 | Noticed a kraken
 27820 | Shoals:3 | Banished a kraken
 27944 | Shoals:3 | Found the ring of the Hare {EV+10}
 28531 | Shoals:3 | Upgraded the game from 0.31-a0-1172-g9944ec47dd to
                  | 0.31-a0-1178-gc5c9b8f871
 28712 | Shoals:4 | Entered Level 4 of the Shoals
 29350 | Shoals:4 | Corrupted Shoals:4
 29461 | Shoals:4 | Reached skill level 15 in Dodging
 29941 | Shoals:4 | Identified the ring "Ecifol" {rPois Str+3}
 29998 | Shoals:4 | Got a barnacled rune of Zot
 30008 | Shoals:4 | Identified the amulet of Nuxtach {rN++ Regen+}
 30298 | Elf:1    | Entered Level 1 of the Elven Halls
 30836 | Elf:1    | Reached skill level 19 in Invocations
 30850 | Elf:1    | Reached skill level 5 in Evocations
 30870 | Elf:1    | Gained mutation: Your touch may irresistibly damage your
                  | foes and sap their willpower. [demonic ancestry]
 30870 | Elf:1    | Reached XP level 18. HP: 170/170 MP: 31/31
 31087 | Elf:1    | Found Dafigh's Antique Armour Shop.
 31090 | Elf:1    | Found Dinir's Antique Weapon Boutique.
 31090 | Elf:1    | Found Edirr's Magic Scroll Shop.
 31100 | Elf:1    | Found Esezui's Antique Weapon Boutique.
 31125 | Elf:1    | Bought a scroll of immolation for 52 gold pieces
 31125 | Elf:1    | Bought a scroll of immolation for 52 gold pieces
 31140 | Elf:1    | Bought a transparent leather armour for 273 gold pieces
 31140 | Elf:1    | Identified the +0 leather armour of Inaction {rPois Will+
                  | Str-5 Int+4} (You bought it in a shop on level 1 of the
                  | Elven Halls)
 31188 | Elf:1    | Noticed Asterion
 31203 | Elf:1    | Paralysed by an air elemental for 1 turns
 31209 | Elf:1    | Killed Asterion
 31926 | Elf:2    | Found a runed translucent gate.
 31938 | Elf:2    | Found a runed translucent gate.
 31938 | Elf:2    | Found a runed translucent gate.
 31988 | Elf:2    | Found Roim Jochuu's Antique Armour Boutique.
 32449 | Elf:3    | Entered Level 3 of the Elven Halls
 32531 | Elf:3    | Noticed Roxanne
 33315 | Elf:3    | Corrupted Elf:3
 33315 | Elf:3    | Noticed a bone dragon
 33458 | Elf:3    | Reached skill level 20 in Invocations
 33725 | Elf:3    | Identified the +3 leather armour of Citu {Rampage rN+
                  | Dex-4}
 33726 | Elf:3    | Identified the +11 eveningstar "Ruruxt" {flame, Dex+5}
 33726 | Elf:3    | Identified the ring "Peoq" {*Slow rN+ rCorr Int+6}
 33735 | Elf:3    | Identified the amulet "Ebli" {Acrobat Stlth+}
 33791 | Elf:3    | Identified the +3 scale mail of Fortification {Will+ Str+2
                  | SInv}
 33812 | Elf:3    | Identified the staff "Vatestul" {rElec rPois Dex-4 Stlth+
                  | Hexes Poison}
 33815 | Elf:3    | Got the Parchment of the Loathsome Oath
 33838 | Elf:3    | Got the Elucidation of the Salamander and Reconstruction
 34212 | Depths:1 | Entered Level 1 of the Depths
 34303 | Depths:1 | Identified the +2 shortbow "Oreaxt" {elec, rPois rF+}
 34306 | Depths:1 | Found a runed translucent gate.
 34320 | Depths:1 | Found a runed translucent gate.
 34609 | Depths:1 | Found a runed translucent gate.
 34611 | Depths:1 | Found an opulent altar of Gozag.
 34616 | Depths:1 | Noticed a golden dragon
 34616 | Depths:1 | Noticed a juggernaut
 34616 | Depths:1 | Noticed a juggernaut
 34616 | Depths:1 | Noticed Vojop's ghost (veteran DEHs)
 34616 | Depths:1 | Noticed a lich
 34655 | Depths:1 | Found a runed translucent door.
 34806 | Depths:1 | Found a one-way gateway to a ziggurat.
 34908 | Depths:1 | Found a corrupted altar of Lugonu.
 34909 | Depths:1 | Found a one-way gate to the infinite horrors of the Abyss.
 35351 | Depths:1 | Found a gateway to Hell.
 35517 | Depths:1 | Reached skill level 21 in Invocations
 35577 | Depths:1 | Gained mutation: You are very robust. (+20% HP) [demonic
                  | ancestry]
 35577 | Depths:1 | Reached XP level 19. HP: 146/196 MP: 33/33
 35710 | Depths:2 | Found a one-way gate leading to the halls of Pandemonium.
 35746 | Depths:2 | Corrupted Depths:2
 35890 | Depths:2 | Identified the +9 halberd of Impermanence {drain, Int+6
                  | Dex-2}
 36873 | Depths:2 | Reached skill level 1 in Translocations
 37159 | Depths:2 | Identified the ring "Ylonucoz" {Str+6 Int+4 Dex+2}
 37166 | Depths:2 | Noticed a caustic shrike
 37167 | Depths:2 | Noticed a caustic shrike
 37204 | Depths:2 | Banished a caustic shrike
 37255 | Depths:1 | Learned a level 1 spell: Apportation
 37258 | Depths:1 | Learned a level 2 spell: Blink
 37263 | Depths:1 | Learned a level 4 spell: Manifold Assault
 37690 | Depths:2 | Identified the +6 quarterstaff "Lintoerun" {protect, rCorr
                  | Str+6 SInv}
 37714 | Depths:2 | Killed a caustic shrike
 37788 | Depths:2 | Got Caepow's Thoughts on the Graveyard and the Commander
 38297 | Depths:3 | Identified the amulet "Mued" {Faith +Inv rElec Stlth+}
 38358 | Depths:3 | Reached skill level 5 in Translocations
 38636 | Depths:3 | Identified the +0 chain mail of the Poles {rN+++ Will-
                  | Int+4}
 38744 | Depths:3 | Identified the ring of the Manifold Princes {*Slow Will+
                  | AC+4 Dex+4}
 38810 | Depths:3 | Found a shimmering altar of Xom.
 38913 | Depths:4 | Entered Level 4 of the Depths
 38924 | Depths:4 | Reached skill level 10 in Armour
 39083 | Depths:4 | Reached XP level 20. HP: 185/208 MP: 34/34
 40094 | Depths:4 | Found a gate to the Realm of Zot.
 40094 | Depths:4 | Noticed a bone dragon
 40094 | Depths:4 | Noticed a bone dragon
 40120 | Depths:4 | Banished a bone dragon
 40123 | Depths:4 | Banished a bone dragon
 40840 | Vaults:1 | Entered Level 1 of the Vaults
 41265 | D:5      | Killed soul19's ghost
 42906 | Vaults:2 | Corrupted Vaults:2
 43351 | Vaults:2 | Reached XP level 21. HP: 216/216 MP: 35/35
 43875 | Vaults:2 | Reached skill level 10 in Translocations
 44174 | Vaults:3 | Noticed Donald
 44183 | Vaults:3 | Killed Donald
 45028 | Vaults:3 | You fall into a shaft and drop 1 floor!
 45082 | Vaults:4 | Found Zauwiu's Armour Emporium.
 45264 | Vaults:4 | Identified the +4 scimitar of Seip {venom, rF+ rC+ Str+4}
 45549 | Vaults:4 | Reached skill level 1 in Spellcasting
 46925 | Vaults:5 | Entered Level 5 of the Vaults
 47375 | Vaults:5 | Found Xoxkeciyq's Book Shoppe.
 47630 | Vaults:5 | Got a silver rune of Zot
 47707 | Vaults:5 | Gained mutation: You are extremely robust. (+30% HP)
                  | [demonic ancestry]
 47707 | Vaults:5 | Reached XP level 22. HP: 216/244 MP: 9/36
 47928 | Vaults:5 | Reached skill level 5 in Spellcasting
 47961 | Vaults:5 | Corrupted Vaults:5
 48357 | Vaults:5 | Identified the ring of the Two Names {rF+ Dex+4}
 49453 | Depths:1 | Voluntarily entered the Abyss.
 49969 | Abyss:3  | Got an abyssal rune of Zot
 49971 | Depths:1 | Escaped the Abyss
 50394 | Slime:1  | Entered Level 1 of the Pits of Slime
 51098 | Slime:5  | Entered Level 5 of the Pits of Slime
 51214 | Slime:5  | Gained mutation: You have large cloven feet. [a shining
                  | eye]
 51217 | Slime:5  | Gained mutation: Your muscles are strong. (Str +4, Int/Dex
                  | -1) [a shining eye]
 52157 | Slime:5  | Reached skill level 15 in Translocations
 52277 | Slime:5  | Noticed the Royal Jelly
 52313 | Slime:5  | Killed the Royal Jelly
 52775 | Slime:5  | Found the amulet of the Four Winds {rN+ Will+++ Clar}
 52790 | Slime:5  | Identified the staff of Kikubaaqudgha {rPois Int+6 Dex+3
                  | Poison}
 52792 | Slime:5  | Got a slimy rune of Zot
 52821 | Slime:5  | Found the +9 sword of Zonguldrok {reap}
 52831 | Slime:5  | Identified the beast talisman of Acly {Will+}
 52927 | Slime:5  | Identified the +2 war axe of the Sky {heavy, rElec rC-
                  | Str-2 Stlth+}
 52932 | Slime:5  | Identified the beast talisman of Precision Catastrophes
                  | {Will+ Str-3 Stlth+}
 52935 | Slime:5  | Identified the +7 hand axe of Subterfuge {elec, Str+2}
 52952 | Slime:5  | Got the Parchment of Heat and Orientation
 53052 | Slime:5  | Identified the +11 spear of Dixuog {spect, Will++}
 53963 | Vaults:3 | Found a staircase to the Crypt.
 54357 | Crypt:1  | Entered Level 1 of the Crypt
 54601 | Crypt:1  | Noticed Zenata
 54603 | Crypt:1  | Corrupted Crypt:1
 54614 | Crypt:1  | Killed Zenata
 54890 | Crypt:1  | Identified the ring "Caelo" {^Drain rCorr Str+2 Int+6}
 55121 | Crypt:1  | Found a huge runed gate.
 55121 | Crypt:1  | Found a huge runed gate.
 55121 | Crypt:1  | Found a huge runed gate.
 55121 | Crypt:1  | Found a huge runed gate.
 55121 | Crypt:1  | Found a huge runed gate.
 55121 | Crypt:1  | Found a huge runed gate.
 55121 | Crypt:1  | Found a huge runed gate.
 55122 | Crypt:1  | Found a huge runed gate.
 55125 | Crypt:1  | Found a huge runed gate.
 55125 | Crypt:1  | Found a huge runed gate.
 55125 | Crypt:1  | Found a huge runed gate.
 55126 | Crypt:1  | Found a huge runed gate.
 55127 | Crypt:1  | Found a huge runed gate.
 55130 | Crypt:1  | Found a huge runed gate.
 55130 | Crypt:1  | Found a huge runed gate.
 55130 | Crypt:1  | Found a huge runed gate.
 55158 | Crypt:1  | Gained mutation: A powerful demonic guardian rushes to your
                  | aid. [demonic ancestry]
 55158 | Crypt:1  | Reached XP level 23. HP: 254/254 MP: 5/37
 55329 | Crypt:1  | Reached skill level 22 in Invocations
 55689 | Crypt:1  | Found a huge runed gate.
 55690 | Crypt:1  | Found a huge runed gate.
 55697 | Crypt:1  | Found a huge runed gate.
 55697 | Crypt:1  | Found a huge runed gate.
 55697 | Crypt:1  | Found a huge runed gate.
 55697 | Crypt:1  | Found a huge runed gate.
 55697 | Crypt:1  | Found a huge runed gate.
 55697 | Crypt:1  | Found a huge runed gate.
 55698 | Crypt:1  | Found a huge runed gate.
 55699 | Crypt:1  | Found a huge runed gate.
 55700 | Crypt:1  | Found a huge runed gate.
 55708 | Crypt:1  | Found a huge runed gate.
 55708 | Crypt:1  | Found a huge runed gate.
 55708 | Crypt:1  | Found a huge runed gate.
 55708 | Crypt:1  | Found a huge runed gate.
 55708 | Crypt:1  | Found a huge runed gate.
 55708 | Crypt:1  | Found a huge runed gate.
 55709 | Crypt:1  | Found a huge runed gate.
 55718 | Crypt:1  | Found a huge runed gate.
 55718 | Crypt:1  | Found a huge runed gate.
 55888 | Crypt:1  | Noticed an ancient lich
 55888 | Crypt:1  | Noticed a dread lich
 55888 | Crypt:1  | Noticed an ancient lich
 55889 | Crypt:1  | Noticed a dread lich
 56164 | Crypt:1  | Banished a dread lich
 56167 | Crypt:1  | Killed an ancient lich
 56180 | Crypt:1  | Killed an ancient lich
 56539 | Crypt:1  | Banished a dread lich
 56540 | Crypt:1  | Reached skill level 23 in Invocations
 57153 | Crypt:2  | Identified the ring of Ru's Grace {Ice Int+3}
 57153 | Crypt:2  | Noticed Josephina
 57173 | Crypt:2  | Killed Josephina
 57751 | Crypt:3  | Entered Level 3 of the Crypt
 58088 | Crypt:2  | Reached skill level 24 in Invocations
 58088 | Crypt:2  | Reached skill level 10 in Evocations
 59562 | Crypt:3  | Noticed an ancient lich
 59562 | Crypt:3  | Noticed an ancient lich
 59567 | Crypt:3  | Banished an ancient lich
 59783 | Crypt:3  | Banished an ancient lich
 59968 | Crypt:3  | Found a staircase to the Tomb.
 60058 | Crypt:3  | Identified the ring of Darkness {+Blink rC++ rN+ Int-3
                  | Dex+4}
 60058 | Crypt:3  | Identified the ring of Disaster {rN+ Int+4}
 60063 | Crypt:3  | Identified the ring "Earthly Heaven" {rF++ Str+6}
 60069 | Crypt:3  | Identified the +1 chain mail of the First Interlopers {rF-
                  | Str+7 Int+3}
 60070 | Crypt:3  | Identified the +2 helmet of Feasting {rCorr}
 60090 | Crypt:3  | Identified the +9 hand axe of the Sky {flame, rElec rC++
                  | Str+4}
 60444 | Zot:1    | Entered Level 1 of the Realm of Zot
 60723 | Zot:1    | Reached skill level 25 in Invocations
 61107 | Zot:1    | Reached XP level 24. HP: 184/265 MP: 11/39
 63937 | Zot:2    | Reached skill level 26 in Invocations
 65239 | Zot:3    | Noticed a Killer Klown
 65413 | Zot:3    | Killed a Killer Klown
 67120 | Zot:4    | Reached skill level 27 in Invocations
 68923 | Zot:4    | Corrupted Zot:4
 68926 | Zot:4    | Gained mutation: You regenerate health from kills. [demonic
                  | ancestry]
 68926 | Zot:4    | Reached XP level 25. HP: 173/278 MP: 33/40
 69475 | Zot:4    | Identified the +1 morningstar "Lifebane" {freeze, rPois
                  | Str+6 Dex-3}
 69492 | Zot:4    | Noticed an orb of fire
 69498 | Zot:4    | Killed an orb of fire
 69946 | Zot:4    | Noticed an orb of fire
 69962 | Zot:4    | Killed an orb of fire
 70349 | Zot:4    | Found the +3 salamander hide armour {Flames, rFlCloud rF++
                  | rC--}
 70352 | Zot:4    | Found a candlelit altar of Ignis.
 70624 | Zot:5    | Entered Level 5 of the Realm of Zot
 70796 | Zot:5    | Found a transporter.
 70799 | Zot:5    | Found a transporter.
 70800 | Zot:5    | Found a transporter.
 70900 | Zot:5    | Found a transporter.
 70990 | Zot:5    | Noticed an ancient lich
 70994 | Zot:5    | Banished an ancient lich
 71209 | Zot:5    | Corrupted Zot:5
 71230 | Zot:5    | Killed a dread lich
 71248 | Zot:5    | Killed a Killer Klown
 71252 | Zot:5    | Noticed an orb of fire
 71265 | Zot:5    | Noticed an orb of fire
 71267 | Zot:5    | Noticed an orb of fire
 71270 | Zot:5    | Banished an orb of fire
 71272 | Zot:5    | Gained mutation: You are dopey. (Int -2) [an orb of fire]
 71273 | Zot:5    | Banished an orb of fire
 71274 | Zot:5    | Noticed an orb of fire
 71279 | Zot:5    | Banished an orb of fire
 71281 | Zot:5    | Gained mutation: You passively map a small area around you.
                  | [an orb of fire]
 71285 | Zot:5    | Gained mutation: You are very dopey. (Int -4) [an orb of
                  | fire]
 71288 | Zot:5    | Killed an orb of fire
 71306 | Zot:5    | Noticed an orb of fire
 71324 | Zot:5    | Banished an orb of fire
 71326 | Zot:5    | Noticed an orb of fire
 71326 | Zot:5    | Noticed an orb of fire
 71326 | Zot:5    | Noticed a Killer Klown
 71331 | Zot:5    | Banished an orb of fire
 71331 | Zot:5    | Noticed a Killer Klown
 71342 | Zot:5    | Lost mutation: You are very dopey. (Int -4) [an orb of
                  | fire]
 71349 | Zot:5    | Killed a Killer Klown
 71365 | Zot:5    | Killed an orb of fire
 71380 | Zot:5    | Noticed a dread lich
 71395 | Zot:5    | Killed a dread lich
 71408 | Zot:5    | Killed a Killer Klown
 71519 | Zot:5    | Noticed a dread lich
 71539 | Zot:5    | Banished a dread lich
 71873 | Zot:5    | Got the Orb of Zot
 71947 | Zot:5    | Lost mutation: Your muscles are strong. (Str +4, Int/Dex
                  | -1) [potion of mutation]
 71947 | Zot:5    | Lost mutation: You have large cloven feet. [potion of
                  | mutation]
 71947 | Zot:5    | Lost mutation: You passively map a small area around you.
                  | [potion of mutation]
 71947 | Zot:5    | Gained mutation: You possess an exceptional clarity of
                  | mind. [potion of mutation]
 72352 | D:11     | Noticed Faehu the pandemonium lord
 72542 | D:1      | Noticed Caabb the pandemonium lord
 72547 | D:1      | Noticed an ancient lich
 72554 | D:$      | Escaped with the Orb!

Illustrated notes

Levels and vault maps discovered:
D:1:      beargit_arrival_greenhouse, layout_loops_corners,
          shapermc_ecumenical_altar_mp_ritualfount
D:2:      layout_basic, kennysheep_small_spiral, uniq_robin
D:3:      layout_basic, mainiacjoe_overflow_alcove_3, grunt_ministairs_8,
          uniq_jessica
D:4:      layout_loops_ring, sigmund_army
D:5:      layout_rooms, tgw_kikubaaqudgha, minmay_temple_entry_butterflies,
          serial_shops, nicolae_shop_competitors_out_of_business,
          hellmonk_ghost_happy_afterlife, chequers_serial_rivers_micro_e,
          nicolae_letterblocks [nicolae_letter_subblock,
          nicolae_letter_subblock, nicolae_letter_subblock,
          nicolae_letter_subblock, nicolae_letter_subblock,
          nicolae_letter_subblock, nicolae_letter_subblock,
          nicolae_letter_subblock, nicolae_letter_subblock,
          nicolae_letter_subblock, nicolae_letter_subblock,
          nicolae_letter_subblock, nicolae_letter_subblock,
          nicolae_letter_subblock, nicolae_letter_subblock,
          nicolae_letter_subblock, nicolae_letter_subblock,
          nicolae_letter_subblock, nicolae_letter_subblock,
          nicolae_letter_subblock, nicolae_letter_subblock,
          nicolae_letter_subblock, nicolae_letter_subblock,
          nicolae_letter_subblock, nicolae_letter_subblock]
D:6:      layout_basic, mainiacjoe_overflow_catwalk, uniq_duvessa,
          uniq_prince_ribbit1
D:7:      layout_rooms, serial_shops, shop, gammafunk_ghost_gnarly_gnolls
D:8:      layout_cave_pools, kennysheep_generic_room_16, uniq_erica, uniq_pikel,
          uniq_grum
D:9:      minmay_s_stair_smasher, layout_basic, david_lair_shrubbed,
          minmay_orc_entry_temple_small, enter_bailey_2, uniq_harold
D:10:     layout_roguey, lemuel_crystal_altar, minmay_misc_feat_x,
          minmay_orc_keep
D:11:     layout_irregular_city, fedhas_altar_3
D:12:     layout_rooms
D:13:     layout_irregular_city, david_vaults_5, trog_hazing_becter
D:14:     layout_irregular_city, serial_rivers, chequers_serial_rivers_large_a,
          chequers_serial_rivers_room_b, chequers_serial_rivers_small_a,
          chequers_serial_rivers_micro_c, chequers_serial_rivers_micro_d,
          grunt_decor_one_mirror, pond
D:15:     hellmonk_depths_entry_around_the_bend, layout_long_grid, serial_shops,
          nicolae_shop_just_a_little_nook
Lair:1:   layout_gridlike, grunt_megastairs_5
Lair:2:   layout_long_grid, nicolae_spider_entry_non_spiders
Lair:3:   layout_gridlike, nicolae_shoals_entry_roost, serial_bayou_shore_a
Lair:4:   layout_loops_ring, beast_lair_carwin_3, infiniplex_staircase_pool
Lair:5:   minmay_lair_end_enchanted_forest, layout_cave_pods, slime_entry_1,
          grunt_megastairs_2, infiniplex_staircase_pool_2
Shoals:1: layout_shoals, uniq_aizul
Shoals:2: cheibrodos_shoals_three_sisters, layout_shoals, uniq_polyphemus
Shoals:3: layout_shoals, nicolae_shoals_water_booths
Shoals:4: shoals_end_hellmonk_holy_island
Spider:1: layout_chambers, uniq_nikola
Spider:2: layout_chambers
Spider:3: layout_spider_delve, uniq_arachne
Spider:4: hellmonk_spider_rune_endless_swarm,
          portal_ice_cave_entry_frozen_things
Slime:1:  layout_caves
Slime:2:  layout_caves
Slime:3:  layout_caves
Slime:4:  layout_caves
Slime:5:  slime_pit
Orc:1:    cheibrodos_orc_guarddog, layout_caves
Orc:2:    grunt_orc_tribal_feast, layout_caves, mines1_david
Elf:1:    elf_arrival_002, layout_gridlike, nicolae_elf_crossing_hall,
          minivault_16, minmay_shoptagon, uniq_asterion
Elf:2:    nicolae_elf_blades_splatter_lattice
          [nicolae_blade_entry_area_security], layout_rooms, serial_shops,
          shop_fountains
Elf:3:    elf_hall, layout_geoelf_castle, uniq_roxanne
Vaults:1: nicolae_vaults_surprise_closet, vaults_dpeg_encased_lava,
          nicolae_vaults_ring_of_whatevers, nicolae_vaults_tangram_2,
          hangedman_vaults_stream, v_alt_pattern_4, hangedman_vaults_slice,
          vaults_standard_mumra_enter_the_diamond,
          nicolae_vaults_trapezoid_lopsided_4, nicolae_vaults_wrenched,
          nicolae_vaults_heart-shaped_vault, st_octagons_1, serial_ice_m,
          nicolae_vaults_inception_scallops, layout_vaults_maze
Vaults:2: nicolae_vaults_network_quincunx
          [nicolae_vaults_network_quincunx_subvault,
          nicolae_vaults_network_quincunx_subvault,
          nicolae_vaults_network_quincunx_subvault,
          nicolae_vaults_network_quincunx_subvault,
          nicolae_vaults_network_quincunx_subvault], nicolae_vaults_trapezoid_4,
          hangedman_vaults_slither, v_misc_28, ontoclasm_vaults_eye,
          nicolae_vaults_shelves_hall, nicolae_vaults_statue_guard,
          layout_vaults_chaotic_city
Vaults:3: nicolae_vaults_little_squares_1, v_misc_3, grunt_vaults_hallway_short,
          minmay_crypt_entry_simple_corners, vaults_room_hallway,
          grunt_vaults_bifocal, nicolae_vaults_sightless_eye,
          nicolae_vaults_trapezoid_lopsided_3, hangedman_vaults_slice,
          nicolae_vaults_mitosis, layout_vaults_omnigrid, uniq_donald
Vaults:4: nicolae_vaults_surprise_closet, v_rooms_3,
          ontoclasm_vaults_misaligned, vaults_dpeg_doors,
          nicolae_vaults_asterisk, nicolae_vaults_lightning_bolt,
          nicolae_vaults_diamond_2, nicolae_vaults_tetromino_Z_1,
          nicolae_vaults_closet_pinwheel_1, nicolae_vaults_variable_pillar_hall,
          nicolae_vaults_cochlea, nicolae_vaults_shelves_hall,
          nicolae_vaults_border_crossing,
          nicolae_vaults_taking_the_gang_shopping, layout_vaults_omnicross
Vaults:5
Crypt:1:  layout_misc_corridors, st_stairs_13, nicolae_crypt_soggy_tomb,
          eino_tiny_chamber, grunt_ministairs_9, minivault_25, door_vault,
          uniq_zenata
Crypt:2:  layout_misc_corridors, uniq_josephina
Crypt:3:  david_glass_crypt, layout_misc_corridors, tomb_entry_forgotten_bobbens
Depths:1: layout_honeycomb, enter_ziggurat_a, grunt_hell_entry_dis_grunt,
          ebering_ghost_gozag, abyss_entry_flame_altar, serial_sigils,
          serial_sigils_hangedman_snap, serial_sigils_hangedman_confine,
          serial_sigils_hangedman_shear, serial_sigils_hangedman_gnaw,
          serial_sigils_hangedman_gut, serial_sigils_hangedman_stare,
          chequers_serial_rivers_marsh, lemuel_angel_altar
Depths:2: hangedman_pleasuredromes, pan_entry, hell_entry
Depths:3: nicolae_BIG_FREAKIN_CUBE, layout_cave_pools, abyss_entry,
          lightli_too_deep, led_xom_imps
Depths:4: grunt_zot_entry_tricorne, layout_cave_shapes,
          abyss_entry_small_statue_room, pf_hell_entry_tar_spiral,
          minmay_misc_feat_iff
Zot:1:    layout_onion_interference, grunt_megastairs_1
Zot:2:    grunt_twist_and_shout, layout_cathedral_of_symmetry
Zot:3:    kennysheep_room_grid, layout_concentric_octagons
Zot:4:    regret_index_infernal_bastille, layout_twisted_circle
Zot:5:    layout_onion, nicolae_diode_quadrants

Skill      XL: |  1  2  3  4  5  6  7  8  9 10 11 12 13 14 15 16 17 18 19 20 21 22 23 24 25 |
---------------+----------------------------------------------------------------------------+-----
Long Blades    | 3 4 6 9 11 13 | 13.4
Invocations    | 1 2 3 4 5 6 8 10 12 13 14 16 17 19 21 25 27 | 27.0
Fighting       | 3 4 5 7 8 10 11 12 13 14 15 16 17 18 19 20 21 22 | 22.5
Short Blades   | 2 4 6 |  6.5
Evocations     | 3 5 7 13 | 13.0
Dodging        | 5 6 9 11 13 15 16 18 19 20 21 22 | 22.1
Armour         | 2 6 7 9 10 12 14 | 14.1
Translocations | 5 9 12 16 17 | 17.7
Spellcasting   | 4 6 |  6.0
Throwing       | |  1.7

Action                     |  1- 3 |  4- 6 |  7- 9 | 10-12 | 13-15 | 16-18 | 19-21 | 22-24 | 25-27 || total
---------------------------+-------+-------+-------+-------+-------+-------+-------+-------+-------++-------
  Melee: Long sword        |    87 |   147 |    14 |       |       |       |       |       |       ||   248
         Touch             |       |    22 |    86 |    99 |   237 |   271 |   346 |   336 |    44 ||  1441
         Dagger            |       |       |   366 |    72 |       |       |       |       |       ||   438
         Punch             |       |       |     9 |    11 |    10 |    24 |    30 |    36 |     4 ||   124
         Scimitar          |       |       |       |   217 |    34 |       |    21 |       |       ||   272
         Demon blade       |       |       |       |   356 |  1142 |  1371 |  1580 |  2270 |   459 ||  7178
  Throw: Throwing net      |       |       |       |       |       |     1 |     1 |       |       ||     2
   Cast: Manifold Assault  |       |       |       |       |       |       |   104 |   583 |   163 ||   850
         Blink             |       |       |       |       |       |       |     1 |     1 |       ||     2
         Apportation       |       |       |       |       |       |       |       |     1 |       ||     1
 Invoke: Banish            |       |     1 |     1 |    10 |     5 |    14 |    12 |     1 |       ||    44
         Corrupt           |       |       |       |     1 |     1 |     4 |     2 |     3 |     1 ||    12
         Brand Weapon With |       |       |       |       |     1 |       |       |       |       ||     1
         Depart the Abyss  |       |       |       |       |       |       |       |     1 |       ||     1
  Evoke: Wand              |       |       |     5 |     4 |       |    27 |     7 |     7 |    13 ||    63
         Condenser vane    |       |       |       |       |       |     1 |       |       |       ||     1
         Box of beasts     |       |       |       |       |       |     1 |       |       |     1 ||     2
         Phial of floods   |       |       |       |       |       |       |       |     1 |     1 ||     2
    Use: Scroll            |       |       |    10 |    10 |    16 |    16 |    16 |    15 |     2 ||    85
         Potion            |       |       |       |       |     2 |     9 |     8 |     8 |    15 ||    42
   Stab: Petrified         |       |       |       |       |     9 |       |       |       |       ||     9
         Distracted        |       |       |       |       |     2 |     4 |     2 |     6 |     1 ||    15
         Invisible         |       |       |       |       |       |     7 |       |       |       ||     7
         Paralysed         |       |       |       |       |       |     2 |       |       |       ||     2
 Armour: Ring mail         |    87 |    82 |   184 |   616 |   767 |   863 |   191 |       |       ||  2790
         Leather armour    |     1 |       |       |       |       |       |       |       |       ||     1
         Fire dragon scale |       |       |       |       |       |       |   710 |   974 |   144 ||  1828
         Skin              |       |       |       |       |       |       |     1 |       |       ||     1
  Dodge: Dodged            |    86 |    90 |   134 |   462 |   724 |  1189 |  1354 |  1492 |   188 ||  5719

Table legend: (Time is in decaauts)
 A = Elapsed time spent in this place.
 B = Non-inter-level travel time spent in this place.
 C = Inter-level travel time spent in this place.
 D = Time resting spent in this place.
 E = Time spent auto-exploring this place.
 F = Levels seen in this place.
 G = Mean time per level.
                   A        B        C        D        E       F      G
               +--------+--------+--------+--------+--------+-----+--------+
         Total |  70207 |  64661 |   5546 |   5707 |  45714 |  61 | 1150.9 |
       Dungeon |  15062 |  12426 |   2636 |    231 |   9483 |  15 | 1004.1 |
          Lair |   5844 |   5172 |    672 |     89 |   4128 |   5 | 1168.8 |
        Shoals |   4234 |   3883 |    351 |    337 |   2514 |   4 | 1058.5 |
   Spider Nest |   4368 |   4202 |    166 |    150 |   3115 |   4 | 1092.0 |
    Slime Pits |   2746 |   2664 |     82 |    655 |   1589 |   5 |  549.2 |
  Orcish Mines |   1219 |   1086 |    133 |      0 |    808 |   2 |  609.5 |
   Elven Halls |   3216 |   3050 |    166 |      0 |   2458 |   3 | 1072.0 |
        Vaults |   8593 |   8136 |    457 |    381 |   6249 |   5 | 1718.6 |
         Crypt |   5611 |   5500 |    111 |    800 |   3919 |   3 | 1870.3 |
        Depths |   6816 |   6397 |    419 |   1227 |   3529 |   4 | 1704.0 |
           Zot |  10946 |  10598 |    348 |   1742 |   7068 |   5 | 2189.2 |
         Abyss |    475 |    475 |      0 |      0 |    265 |   4 |  118.8 |
        Bailey |    324 |    324 |      0 |      0 |    137 |   1 |  324.0 |
      Ice Cave |    748 |    748 |      0 |     94 |    450 |   1 |  748.0 |
               +--------+--------+--------+--------+--------+-----+--------+

Top non-repeatable levels by time:
   Zot:4: 3027 daAuts
   Zot:2: 2836 daAuts
 Crypt:1: 2479 daAuts
Depths:1: 2471 daAuts
Vaults:4: 2231 daAuts
   Zot:1: 1923 daAuts
   Zot:3: 1909 daAuts
Depths:4: 1829 daAuts
Vaults:5: 1805 daAuts
 Crypt:3: 1803 daAuts
     D:9: 1773 daAuts
Vaults:3: 1733 daAuts
Vaults:2: 1558 daAuts
  Lair:5: 1557 daAuts
Depths:2: 1549 daAuts
